 Dungeon Crawl Stone Soup version 0.18.1-48-g4cf74bf (webtiles) character file.

109 dorian the Charmwright (level 4, -7/29 HPs)
             Began as a High Elf Skald on Aug 30, 2016.
             Splashed by a jelly's acid (8 damage)
             ... on level 3 of the Dungeon.
             The game lasted 00:03:31 (2742 turns).

dorian the Charmwright (High Elf Skald)             Turns: 2742, Time: 00:03:32

Health: -7/29      AC:  1    Str:  9 (12) XL:     4   Next: 60%
Magic:  8/8        EV: 10    Int: 13 (16) God:
Gold:   225        SH:  0    Dex: 11 (14) Spells: 1 memorised, 6 levels left

rFire  . . .     SeeInvis .     g - +0 short sword (venom)
rCold  . . .     Gourm    .     m - +0 ring mail (curse)
rNeg   . . .     Faith    .     (no shield)
rPois  .         Spirit   .     (no helmet)
rElec  .         Dismiss  .     (no cloak)
rCorr  .         Reflect  .     (no gloves)
SustAt .         Harm     .     (no boots)
MR     .....                    (no amulet)
Stlth  +.........               (no ring)
                                (no ring)

@: corroded, not resistant to hostile enchantments, very unstealthy
A: no striking features
a: no special abilities


You were on level 3 of the Dungeon.
You were hungry.

You visited 1 branch of the dungeon, and saw 3 of its levels.

You collected 225 gold pieces.

Inventory:

Hand Weapons
 a - a +0 falchion
 g - a +0 short sword of venom (weapon)
   (You found it on level 1 of the Dungeon)
Armour
 b - a +0 leather armour
 m - a cursed +0 ring mail (worn)
   (You found it on level 2 of the Dungeon)
Scrolls
 c - a scroll of enchant armour {unknown}
 e - 3 scrolls of immolation {unknown}
 f - 4 scrolls of identify {unknown}
 l - a scroll of teleportation {unknown}
Potions
 n - a potion of cancellation {unknown}
Books
 A - a book of Battle

   Spells                             Type                      Level
   a - Infusion                       Charms                       1
   b - Shroud of Golubria             Charms/Translocation         2
   c - Song of Slaying                Charms                       2
   d - Spectral Weapon                Hexes/Charms                 3
   e - Regeneration                   Charms/Necromancy            3
Comestibles
 d - a bread ration
 k - 2 slices of pizza


   Skills:
 - Level 2.0 Fighting
 * Level 4.4 Long Blades
 - Level 0.8 Armour
 + Level 2.6 Dodging
 - Level 2.4 Spellcasting
 - Level 4.4 Charms


You had 6 spell levels left.
You knew the following spells:

 Your Spells              Type           Power        Failure   Level  Hunger
a - Infusion              Chrm           ##..         12%         1    #......


Dungeon Overview and Level Annotations

Branches:
Dungeon (3/15)

Altars:


Message History

You see here 17 stones.
There is a stone staircase leading down here.
You climb downwards.
There is a stone staircase leading up here.
Found 24 stones.
You see here 24 stones.
A jelly comes into view.
The jelly quivers.
The jelly moves out of view.
Found a scroll labeled IKKAEV GONELESS.
The jelly closely misses you.
The jelly is too close now for your liking.
You hit the jelly.
Your hands burn!
The jelly is lightly wounded.
The jelly barely misses you.
You hit the jelly.
Your hands burn!
The jelly is moderately wounded.
The jelly hits you.
You are splashed with acid!
The acid corrodes you!
The acid burns!
You hit the jelly.
Your hands burn!
The jelly is heavily wounded.
You hit the jelly but do no damage.
Your hands burn!
* * * LOW HITPOINT WARNING * * *
The jelly is heavily wounded.
The jelly hits you.
* * * LOW HITPOINT WARNING * * *
You are splashed with acid!
The acid burns!
* * * LOW HITPOINT WARNING * * *
The jelly hits you but does no damage.
A kobold comes into view. It is wielding a club.
The kobold shouts!
The kobold throws a stone.
The stone hits you.
* * * LOW HITPOINT WARNING * * *
You see here a stone.
Drink which item? (? for menu, Esc to quit)
It was a potion of degeneration.
There was something very wrong with that liquid.
You feel weakened.
You feel dopey.
You feel clumsy.
The kobold throws a stone.
The stone closely misses you. The jelly barely misses you.
Drink which item? (? for menu, Esc to quit)
It was a potion of curing.
You feel better. The jelly hits you.
* * * LOW HITPOINT WARNING * * *
You are splashed with acid!
The acid burns!
* * * LOW HITPOINT WARNING * * *
Drink which item? (? for menu, Esc to quit)
It was a potion of magic.
Magic courses through your body. The jelly hits you.
* * * LOW HITPOINT WARNING * * *
You are splashed with acid!
The acid burns!
You die...

..# #.# #.# #.# #.#
####.#################
..#..........(......#
#.#.###############.#
####.#...J@..K.... #.#
#.......#######... #.#
+?......# ######.#
#.......# #......#
#.##+#+## #.###### #
#.# #.# #.# #.#


You could see a jelly and a kobold.

Vanquished Creatures
  Jessica (D:2)
  4 gnolls (D:2)
  A worm (D:2)
  A dart slug (D:1)
  4 giant cockroaches
  2 goblins (D:1)
  2 hobgoblins
  8 jackals (D:1)
  5 kobolds
  A quokka (D:2)
  6 bats
  2 giant newts (D:1)
  5 rats
  A fungus (D:1)
43 creatures vanquished.

Notes
Turn   | Place    | Note
--------------------------------------------------------------
     0 | D:1      | dorian the High Elf Skald began the quest for the Orb.
     0 | D:1      | Reached XP level 1. HP: 14/14 MP: 4/4
   216 | D:1      | HP: 7/14 [jackal (1)]
   221 | D:1      | HP: 3/14 [jackal (1)]
   222 | D:1      | Reached XP level 2. HP: 4/19 MP: 0/6
   500 | D:1      | Reached skill level 3 in Long Blades
   756 | D:1      | Reached skill level 4 in Charms
   790 | D:1      | HP: 9/19 [goblin/club (3)]
  1061 | D:1      | Reached skill level 2 in Dodging
  1407 | D:1      | Reached XP level 3. HP: 24/24 MP: 7/7
  1510 | D:2      | Noticed Jessica
  1519 | D:2      | Killed Jessica
  1839 | D:2      | HP: 10/24 [kobold/dagger (4)]
  1843 | D:2      | Reached XP level 4. HP: 10/29 MP: 8/8
  2236 | D:2      | Reached skill level 4 in Long Blades
  2273 | D:2      | HP: 11/29 [gnoll/flail (7)]
  2734 | D:3      | HP: 14/29 [acid (1)]
  2734 | D:3      | HP: 4/29 [acid (9)]
  2739 | D:3      | HP: 4/29 [kobold/stone (1)]
  2742 | D:3      | HP: 1/29 [jelly (2)]
  2742 | D:3      | Splashed by a jelly's acid

Skill      XL: |  1  2  3  4 |
---------------+-------------+-----
Long Blades    | 3 4 |  4.4
Charms         | 4 |  4.4
Dodging        | 2 |  2.6
Fighting       | |  2.0
Armour         | |  0.8
Spellcasting   | |  2.4

Action                   |  1- 3 |  4- 6 || total
-------------------------+-------+-------++-------
Melee: Falchion          |    84 |       ||    84
       Short sword       |    46 |    40 ||    86
 Cast: Infusion          |     1 |     2 ||     3
  Use: Potion            |       |     3 ||     3
 Stab: Sleeping          |     1 |       ||     1
  Eat: Chunk             |     2 |     3 ||     5
Armor: Leather armour    |    37 |       ||    37
       Ring mail         |     2 |    16 ||    18
Dodge: Dodged            |    82 |    25 ||   107
